 Dungeon Crawl Stone Soup version 0.26.1-10-gdfb7c7de75 (webtiles) character file.

Game seed: 4553569032715250725

290 Electrofox the Magician (level 6, -1/44 HPs)
             Began as a Gnoll Wanderer on Apr 3, 2021.
             Slain by a mummy (16 damage)
             ... in an ossuary.
             The game lasted 00:17:02 (4307 turns).

Electrofox the Magician (Gnoll Wanderer)            Turns: 4307, Time: 00:17:03

Health: -1/44      AC:  2    Str: 15    XL:     6   Next: 32%
Magic:  12/16      EV: 12    Int: 15    God:
Gold:   171        SH:  5    Dex: 15    Spells: 8/19 levels left

rFire    . . .     SeeInvis .   m - +0 short sword
rCold    . . .     Faith    .   c - +0 buckler
rNeg     . . .     Spirit   .   d - +0 robe
rPois    .         Reflect  .   (no helmet)
rElec    .         Harm     .   (no cloak)
rCorr    .         Rampage  .   (no gloves)
Will     .....                  (no boots)
Stlth    ++........             (no amulet)
HPRegen  0.14/turn              (no ring)
MPRegen  0.15/turn              (no ring)

@: no status effects
A: distributed training, fangs 1, strong nose
a: no special abilities


You were in an ossuary.
You visited 1 branch of the dungeon, and saw 4 of its levels.
You also visited: Ossuary.

You collected 171 gold pieces.

Inventory:

Hand Weapons
 a - a +0 whip
 m - a +0 short sword (weapon)
 p - a cursed +0 hunting sling
 v - a +2 dagger of protection
Missiles
 e - 27 poisoned darts (quivered)
Armour
 b - a +0 leather armour
 c - a +0 buckler (worn)
 d - a +0 robe (worn)
 g - a +0 pair of gloves
Jewellery
 f - an uncursed amulet of the acrobat {unknown}
 u - an uncursed amulet of magic regeneration {unknown}
Wands
 s - a wand of flame (19)
Scrolls
 h - 4 scrolls of teleportation
 l - a scroll of fear {unknown}
 n - 3 scrolls of remove curse {unknown}
 q - a scroll of amnesia {unknown}
Potions
 i - a potion of flight {unknown}
 j - 4 potions of heal wounds {unknown}
 k - a potion of berserk rage {unknown}
 o - a potion of ambrosia {unknown}
 r - a potion of might {unknown}
 t - 2 potions of haste {unknown}


   Skills:
 + Level 1.9 Fighting
 + Level 1.9 Short Blades
 + Level 1.9 Long Blades
 + Level 1.9 Axes
 + Level 1.9 Maces & Flails
 + Level 1.9 Polearms
 + Level 1.9 Staves
 + Level 1.9 Slings
 + Level 1.9 Bows
 + Level 1.9 Crossbows
 + Level 1.9 Throwing
 + Level 1.9 Armour
 + Level 1.9 Dodging
 + Level 3.0 Stealth
 + Level 3.2 Shields
 + Level 1.9 Unarmed Combat
 + Level 7.4 Spellcasting
 + Level 5.6 Conjurations
 + Level 1.5 Hexes
 + Level 1.5 Summonings
 + Level 1.5 Necromancy
 + Level 1.5 Translocations
 + Level 2.6 Transmutations
 + Level 1.5 Fire Magic
 + Level 1.5 Ice Magic
 + Level 2.6 Air Magic
 + Level 1.5 Earth Magic
 + Level 1.5 Poison Magic
 + Level 2.1 Invocations
 + Level 1.9 Evocations


You had 8 spell levels left.
You knew the following spells:

 Your Spells              Type           Power        Failure   Level
a - Magic Dart            Conj           88%          1%          1
b - Freeze                Ice            40%          8%          1
c - Blink                 Tloc           N/A          12%         2
d - Call Imp              Summ           10%          12%         2
e - Slow                  Hex            10%          12%         2
f - Mephitic Cloud        Conj/Pois/Air  15%          11%         3

Your spell library contained the following spells:

 Spells                   Type           Power        Failure   Level
 Conjure Flame            Conj/Fire      16%          10%         3
 Frozen Ramparts          Ice            20%          22%         3


Dungeon Overview and Level Annotations

Branches:
Dungeon (4/15)            Ossuary (1/1)
 Temple: D:4-7

Altars:
Sif Muna
Xom

Shops:
D:4 (

Annotations:
D:4 2 transporters, exclusion: downstairs, Dowan, Duvessa


Innate Abilities, Weirdness & Mutations

Your experience applies equally to all skills.
You have very sharp teeth.
Your uncanny sense of smell can sniff out nearby items.


Message History

Aim: a mummy (0% to evade)
The magic dart hits the mummy.
The mummy is moderately damaged.
The mummy hits you.
Casting: Magic Dart (safe; 1% risk of failure)
Confirm with . or Enter, or press ? or * to list all spells.
Aiming: Magic Dart (safe; 1% risk of failure)
Press: ? - help, Shift-Dir - straight line, f/p - mummy
Aim: a mummy (moderately damaged, 0% to evade)
The magic dart hits the mummy.
The mummy is moderately damaged.
You hit the mummy.
The mummy is heavily damaged.
The mummy hits you.
You closely miss the mummy.
The mummy is heavily damaged.
You barely miss the mummy.
The mummy is heavily damaged.
The mummy hits you!
You die...

≈≈ ≈## ##
≈≈##≈# ≈≈#≈#
P≈P###
.≈.#+#+#.≈.≈≈#
.≈≈≈≈≈M≈≈≈≈≈P#
##@## ∆∆∆
#...# ∆∆∆
#.∩.# ∆∆∆
#∩..# #####
∆∆∆ ∆∆∆


You could see a mummy.

Vanquished Creatures
  A hound (D:3)
  A centaur skeleton (D:3)
  2 mummies (Ossuary)
  A worker ant (D:4)
  A hound zombie (Ossuary)
  3 gnolls (D:3)
  5 adders
  An ooze (D:1)
  A worm (D:2)
  A dart slug (D:3)
  A leopard gecko (D:2)
  4 orcs
  A ball python (D:1)
  4 giant cockroaches
  5 goblins
  12 hobgoblins
  A quokka (D:2)
  9 bats
  7 frilled lizards
  A jackal zombie (D:4)
  9 kobolds
  A quokka zombie (Ossuary)
  6 rats
78 creatures vanquished.

Vanquished Creatures (others)
  3 withered plants (Ossuary)
3 creatures vanquished.

Grand Total: 81 creatures vanquished

Notes
Turn   | Place    | Note
-------+----------+-------------------------------------------
     0 | D:1      | Electrofox the Gnoll Wanderer began the quest for the Orb.
     0 | D:1      | Electrofox set off with the following items: a +0 club, a
                  | +0 buckler, a +0 robe; and the following spells available
                  | to memorise: Magic Dart, Freeze, Conjure Flame, Mephitic
                  | Cloud, Blink, Call Imp, Slow, Frozen Ramparts
     0 | D:1      | Reached XP level 1. HP: 13/13 MP: 8/8
     2 | D:1      | Learned a level 1 spell: Magic Dart
     4 | D:1      | Learned a level 1 spell: Freeze
   315 | D:1      | Reached XP level 2. HP: 19/19 MP: 7/10
   825 | D:1      | Reached XP level 3. HP: 25/25 MP: 8/11
  1470 | D:2      | Reached skill level 1 in Invocations
  1718 | D:2      | Reached skill level 1 in Fighting
  1718 | D:2      | Reached skill level 1 in Short Blades
  1718 | D:2      | Reached skill level 1 in Long Blades
  1718 | D:2      | Reached skill level 1 in Axes
  1718 | D:2      | Reached skill level 1 in Maces & Flails
  1718 | D:2      | Reached skill level 1 in Polearms
  1718 | D:2      | Reached skill level 1 in Staves
  1718 | D:2      | Reached skill level 1 in Slings
  1718 | D:2      | Reached skill level 1 in Bows
  1718 | D:2      | Reached skill level 1 in Crossbows
  1718 | D:2      | Reached skill level 1 in Throwing
  1718 | D:2      | Reached skill level 1 in Armour
  1718 | D:2      | Reached skill level 1 in Dodging
  1718 | D:2      | Reached skill level 1 in Unarmed Combat
  1718 | D:2      | Reached skill level 1 in Evocations
  1791 | D:2      | Learned a level 2 spell: Blink
  1794 | D:2      | Learned a level 2 spell: Call Imp
  1797 | D:2      | Learned a level 2 spell: Slow
  1840 | D:2      | Reached XP level 4. HP: 32/32 MP: 9/13
  2631 | D:2      | Reached skill level 1 in Hexes
  2631 | D:2      | Reached skill level 1 in Summonings
  2631 | D:2      | Reached skill level 1 in Necromancy
  2631 | D:2      | Reached skill level 1 in Translocations
  2631 | D:2      | Reached skill level 1 in Fire Magic
  2631 | D:2      | Reached skill level 1 in Ice Magic
  2631 | D:2      | Reached skill level 1 in Earth Magic
  2631 | D:2      | Reached skill level 1 in Poison Magic
  3247 | D:3      | Reached XP level 5. HP: 34/37 MP: 7/14
  3400 | D:3      | Learned a level 3 spell: Mephitic Cloud
  3529 | D:3      | Found a shimmering altar of Xom.
  3580 | D:3      | Found a shimmering blue altar of Sif Muna.
  4028 | D:4      | Found a transporter.
  4046 | D:4      | Noticed Duvessa
  4046 | D:4      | Noticed Dowan
  4058 | D:4      | Found a transporter.
  4107 | D:4      | Found Ugisabbe's Antique Weapon Boutique.
  4229 | D:4      | Reached XP level 6. HP: 44/44 MP: 11/16
  4229 | D:4      | Found a sand-covered staircase.
  4234 | Ossuary  | Entered an ossuary
  4307 | Ossuary  | Slain by a mummy

Illustrated notes

Levels and vault maps discovered:
D:1:      ebering_trefoil_3fold, layout_basic, minmay_misc_feat_rugged,
          minmay_misc_feat_diagonals
D:2:      layout_basic, serial_corexii_hall, corexii_hall_statues_x,
          corexii_hall_statues_x, hangedman_decor_push
D:3:      layout_basic, lemuel_doored_altar, brannock_xom_greatest_gift
D:4:      gammafunk_wand_slinger, layout_basic, serial_shops,
          nicolae_shop_behind_doors, nicolae_shop_crystal,
          nicolae_shop_behind_doors, enter_ossuary_3, uniq_duvessa
Ossuary:  ossuary_zaba_flooded

Skill      XL: |  1  2  3  4  5 |
---------------+----------------+-----
Transmutations | 2 |  2.6
Air Magic      | 2 |  2.6
Invocations    | 1 2 |  2.1
Fighting       | 1 |  1.9
Short Blades   | 1 |  1.9
Long Blades    | 1 |  1.9
Axes           | 1 |  1.9
Maces & Flails | 1 |  1.9
Polearms       | 1 |  1.9
Staves         | 1 |  1.9
Slings         | 1 |  1.9
Bows           | 1 |  1.9
Crossbows      | 1 |  1.9
Throwing       | 1 |  1.9
Armour         | 1 |  1.9
Dodging        | 1 |  1.9
Unarmed Combat | 1 |  1.9
Evocations     | 1 |  1.9
Hexes          | 1 |  1.5
Summonings     | 1 |  1.5
Necromancy     | 1 |  1.5
Translocations | 1 |  1.5
Fire Magic     | 1 |  1.5
Ice Magic      | 1 |  1.5
Earth Magic    | 1 |  1.5
Poison Magic   | 1 |  1.5
Shields        | 3 |  3.2
Stealth        | 3 |  3.0
Spellcasting   | |  7.4
Conjurations   | |  5.6

Action                   |  1- 3 |  4- 6 || total
-------------------------+-------+-------++-------
Melee: Club              |     1 |       ||     1
       Whip              |    12 |       ||    12
       Bite              |     1 |     5 ||     6
       Short sword       |       |    40 ||    40
Throw: Stone             |     2 |       ||     2
       Dart              |       |     3 ||     3
 Cast: Magic Dart        |    73 |    80 ||   153
       Freeze            |       |    18 ||    18
       Blink             |       |     2 ||     2
       Call Imp          |       |     1 ||     1
  Use: Scroll            |       |     1 ||     1
 Stab: Distracted        |       |     1 ||     1
Armor: Robe              |     9 |     9 ||    18
Dodge: Dodged            |    14 |    21 ||    35
Block: Buckler           |     9 |     8 ||    17
